Sasquatch vs Saguenéens
Created - 8 mars 2015 at 20:05
Goals
|
| Sasquatch |
2 |
2 |
3 |
7 |
| Saguenéens |
2 |
0 |
1 |
3 |
|
Shots
|
| Sasquatch |
14 |
13 |
19 |
46 |
| Saguenéens |
20 |
10 |
13 |
43 |
|
1st period
1. Sasquatch , Roman Cervenka 3 (Josh Bailey, Matt Frattin) at 1:41
2. Saguenéens , Evgeny Dadonov 27 (Kyle Brodziak, Kris Russell) at 3:08
3. Saguenéens , Mike Sauer 2 (Tim Kennedy, Kyle Brodziak) at 4:49 (PP)
4. Sasquatch , D.J King 41 (Tyler Johnson) at 18:06
Penalties :
Brandon Bochenski (Gat) for Slashing (Double Minor) at 4:44, Cam Atkinson (Gat) for Hooking (Minor) at 12:37
2nd period
5. Sasquatch , D.J King 42 (Jakub Voracek, Matt Frattin) at 3:54
6. Sasquatch , Jakub Voracek 38 (D.J King, Matt Niskanen) at 4:44
Penalties :
No Penalty
3rd period
7. Sasquatch , Brandon Bochenski 20 (Kevin Porter, Mats Zuccarello) at 0:28
8. Sasquatch , Jake Gardiner 7 (D.J King, Jakub Voracek) at 0:42
9. Saguenéens , Martin Hanzal 38 (Wayne Simmonds) at 5:24 (PP)
10. Sasquatch , Jake Gardiner 8 (D.J King, Tyler Johnson) at 6:18
Penalties :
Stephane Da Costa (Gat) for Tripping (Minor) at 5:21, David Laliberté (Chi) for Slashing (Minor) at 6:21, Brandon Bochenski (Gat) for Hooking (Minor) at 13:39
Goalie Stats
Andrew Raycroft (Gat), 40 saves from 43 shots - (0,930), W, 3-0-0, 60:00 minutes
Al Montoya (Chi), 23 saves from 29 shots - (0,793), L, 30-16-6, 40:42 minutes
Harru Sateri (Chi), 16 saves from 17 shots - (0,941), 19:18 minutes
Players Stats for Sasquatch
Player Name G A P +/- PIM S H SB GA TA FO MP PP MP PK MP
------------------------------------------------------------------------------------
Brandon Bochenski 1 0 1 1 6 3 2 0 0 0 0/1 16:50 0:49 0:32
Cam Atkinson 0 0 0 0 2 5 0 0 0 0 1/1 10:53 0:00 0:00
D.J King 2 3 5 5 0 8 3 2 0 0 1/2 23:16 1:10 3:19
Ian Cole 0 0 0 2 0 1 0 0 1 1 0/0 14:39 0:00 2:56
Jake Gardiner 2 0 2 4 0 4 0 5 0 1 0/0 28:40 1:14 3:09
Jakub Voracek 1 2 3 5 0 3 1 1 0 0 0/1 19:13 1:10 0:00
Joe Corvo 0 0 0 4 0 5 2 0 2 0 0/0 28:40 1:14 3:09
Josh Bailey 0 1 1 0 0 2 1 1 0 0 0/0 7:28 0:00 0:00
Kevin Porter 0 1 1 1 0 1 3 0 0 0 5/9 15:16 1:10 0:00
Kyle Clifford 0 0 0 0 0 0 0 0 0 0 0/0 11:58 0:00 1:04
Mats Zuccarello 0 1 1 1 0 3 1 1 0 0 0/0 17:15 0:49 1:39
Matt Frattin 0 2 2 0 0 2 1 1 0 0 1/2 8:58 0:00 1:30
Matt Niskanen 0 1 1 0 0 3 4 1 0 0 0/0 19:37 0:45 2:56
Nick Leddy 0 0 0 2 0 1 0 0 0 0 0/0 12:37 0:45 0:00
Roman Cervenka 1 0 1 0 0 2 0 0 0 0 2/3 7:28 0:00 0:00
Slava Voynov 0 0 0 0 0 0 2 0 0 0 0/0 15:47 0:00 0:00
Stephane Da Costa 0 0 0 0 2 2 0 0 0 0 4/11 12:27 0:00 0:48
Tyler Johnson 0 2 2 5 0 1 2 0 0 0 16/38 22:49 0:49 3:18
Players Stats for Saguenéens
Player Name G A P +/- PIM S H SB GA TA FO MP PP MP PK MP
------------------------------------------------------------------------------------
Brandon Burlon 0 0 0 -1 0 0 2 2 0 0 0/0 17:26 0:00 0:00
Brian Flynn 0 0 0 -1 0 1 0 0 0 0 3/6 11:28 0:19 0:14
David Laliberté 0 0 0 -1 2 0 1 0 0 0 1/2 14:13 0:00 0:00
David Rundblad 0 0 0 -2 0 0 0 0 0 0 0/0 11:45 0:00 0:00
Derek Morris 0 0 0 -3 0 8 0 1 1 0 0/0 26:40 2:19 0:58
Eric Tangradi 0 0 0 -1 0 3 0 0 0 0 0/0 9:38 0:00 0:25
Evgeny Dadonov 1 0 1 -1 0 7 0 0 0 0 0/0 17:09 3:00 0:00
Evgeny Grachev 0 0 0 -1 0 3 1 1 0 0 1/4 9:18 0:11 0:00
Jerry D'Amigo 0 0 0 -1 0 0 0 0 0 0 0/0 9:07 0:00 0:00
Kevin Marshall 0 0 0 -3 0 0 1 3 0 1 0/0 26:01 2:19 0:58
Kris Russell 0 1 1 -1 0 0 1 5 0 0 0/0 21:58 3:46 1:01
Kyle Brodziak 0 2 2 -1 0 2 2 0 1 1 10/15 17:58 3:00 0:49
Marcus Johansson 0 0 0 -3 0 4 1 1 0 0 0/0 21:36 2:54 0:49
Martin Hanzal 1 0 1 -3 0 4 1 1 0 0 21/38 21:43 2:54 0:56
Mike Sauer 1 0 1 -2 0 2 0 0 0 0 0/0 16:10 3:46 1:01
Rhett Rakhshani 0 0 0 -1 0 0 2 0 0 0 0/0 10:41 0:00 0:00
Tim Kennedy 0 1 1 -1 0 2 2 0 0 0 0/0 13:42 3:00 0:00
Wayne Simmonds 0 1 1 -3 0 7 1 0 0 1 2/3 21:27 2:57 0:45
3 Stars
1 - D.J King (Gat)
2 - Jakub Voracek (Gat)
3 - Jake Gardiner (Gat)
Power Play
Sasquatch - 0 on 1 Attempt(s) - 0,00%
Saguenéens - 2 on 5 Attempt(s) - 40,00%
Penalty Kill
Sasquatch - 3 on 5 Attempt(s) - 60,00%
- Score 0 goal in Penalty Kill
Saguenéens - 1 on 1 Attempt(s) - 100,00%
- Score 0 goal in Penalty Kill
Team Stat
Sasquatch - Hits : 22 - Faceoff Wins : 30 - Blocked Shots : 12 - Penalty Minutes : 10
Saguenéens - Hits : 15 - Faceoff Wins : 38 - Blocked Shots : 14 - Penalty Minutes : 2
Official
Referees : Morton Dean and Devorski Paul
Linesman : Scott Driscoll and Vaughan Rody
Game Notes
Harru Sateri enters game at 0:42 of 3rd period
Finance
Level 1 -- Attendance: 1375 (68,75%) -- Ticket Income 55 000 $
Level 2 -- Attendance: 772 (77,20%) -- Ticket Income 15 440 $
Total Attendance: 2147 (71,57%)
Total Ticket Income: 70 440 $
Other Income: 3 522 $
Total Income: 73 962 $
Sasquatch
5 vs 5 Forward
Center Left Wing Right Wing Time % Phy DF OF
1 Tyler Johnson D.J King Jakub Voracek 40 1 2 2
2 Kevin Porter Mats Zuccarello Brandon Bochenski 30 1 2 2
3 Stephane Da Costa Kyle Clifford Cam Atkinson 20 1 2 2
4 Roman Cervenka Josh Bailey Matt Frattin 10 1 2 2
5 vs 5 Defense
Defense Defense Time % Phy DF OF
1 Joe Corvo Jake Gardiner 40 1 2 2
2 Matt Niskanen Slava Voynov 30 1 2 2
3 Ian Cole Nick Leddy 20 1 2 2
4 Joe Corvo Jake Gardiner 10 1 2 2
PowerPlay Forward
Center Left Wing Right Wing Time % Phy DF OF
1 Kevin Porter D.J King Jakub Voracek 60 1 2 2
2 Tyler Johnson Mats Zuccarello Brandon Bochenski 40 1 2 2
PowerPlay Defense
Defense Defense Time % Phy DF OF
1 Joe Corvo Jake Gardiner 60 1 2 2
2 Matt Niskanen Nick Leddy 40 1 2 2
Penalty Kill 4 Players Forward
Center Wing Time % Phy DF OF
1 Tyler Johnson D.J King 60 1 2 2
2 Brandon Bochenski Mats Zuccarello 40 1 2 2
Penalty Kill 4 Players Defense
Defense Defense Time % Phy DF OF
1 Joe Corvo Jake Gardiner 60 1 2 2
2 Matt Niskanen Ian Cole 40 1 2 2
Penalty Kill - 3 Players Forward
Forward Time % Phy DF OF
1 Tyler Johnson 60 1 2 2
2 D.J King 40 1 2 2
Penalty Kill - 3 Players Defense
Defense Defense Time % Phy DF OF
1 Joe Corvo Jake Gardiner 60 1 2 2
2 Matt Niskanen Ian Cole 40 1 2 2
4 vs 4 Forward
Center Wing Time % Phy DF OF
1 Kevin Porter D.J King 60 1 2 2
2 Tyler Johnson Jakub Voracek 40 1 2 2
4 vs 4 Defense
Defense Defense Time % Phy DF OF
1 Joe Corvo Jake Gardiner 60 1 2 2
2 Matt Niskanen Slava Voynov 40 1 2 2
Last Minutes Offensive
Center Left Wing Right Wing Defense Defense
Kevin Porter D.J King Jakub Voracek Joe Corvo Jake Gardiner
Last Minutes Defensive
Center Left Wing Right Wing Defense Defense
Tyler Johnson D.J King Jakub Voracek Joe Corvo Jake Gardiner
Goaltenders
Starting : Andrew Raycroft
Backup : Anders Lindback
Extra Forwards
Normal : Brandon Bochenski, Stephane Da Costa, Josh Bailey - PP : Kyle Clifford, Stephane Da Costa - PK : Matt Frattin
Extra Defensemen
Normal : Ian Cole, Nick Leddy, Matt Niskanen - PP : Ian Cole - PK : Nick Leddy, Matt Niskanen
Penalty Shots
Cam Atkinson, Mats Zuccarello, Brandon Bochenski, Joe Corvo, Matt Frattin
Saguenéens
5 vs 5 Forward
Center Left Wing Right Wing Time % Phy DF OF
1 Martin Hanzal Marcus Johansson Wayne Simmonds 40 1 2 2
2 Kyle Brodziak Evgeny Dadonov David Laliberté 30 1 2 2
3 Brian Flynn Tim Kennedy Rhett Rakhshani 20 1 2 2
4 Evgeny Grachev Eric Tangradi Jerry D'Amigo 10 1 2 2
5 vs 5 Defense
Defense Defense Time % Phy DF OF
1 Derek Morris Kevin Marshall 40 1 2 2
2 Kris Russell Brandon Burlon 34 1 2 2
3 David Rundblad Mike Sauer 20 1 2 2
4 Derek Morris Kevin Marshall 6 1 2 2
PowerPlay Forward
Center Left Wing Right Wing Time % Phy DF OF
1 Martin Hanzal Marcus Johansson Wayne Simmonds 60 1 2 2
2 Kyle Brodziak Evgeny Dadonov Tim Kennedy 40 1 2 2
PowerPlay Defense
Defense Defense Time % Phy DF OF
1 Derek Morris Kevin Marshall 60 1 2 2
2 Kris Russell Mike Sauer 40 1 2 2
Penalty Kill 4 Players Forward
Center Wing Time % Phy DF OF
1 Martin Hanzal Wayne Simmonds 50 1 2 2
2 Kyle Brodziak David Laliberté 50 1 2 2
Penalty Kill 4 Players Defense
Defense Defense Time % Phy DF OF
1 Derek Morris Kevin Marshall 50 1 2 2
2 Kris Russell Mike Sauer 50 1 2 2
Penalty Kill - 3 Players Forward
Forward Time % Phy DF OF
1 Martin Hanzal 60 1 2 2
2 Kyle Brodziak 40 1 2 2
Penalty Kill - 3 Players Defense
Defense Defense Time % Phy DF OF
1 Derek Morris Kevin Marshall 60 1 2 2
2 Mike Sauer Kris Russell 40 1 2 2
4 vs 4 Forward
Center Wing Time % Phy DF OF
1 Martin Hanzal Wayne Simmonds 60 1 2 2
2 Kyle Brodziak Evgeny Dadonov 40 1 2 2
4 vs 4 Defense
Defense Defense Time % Phy DF OF
1 Derek Morris Kevin Marshall 60 1 2 2
2 Kris Russell Brandon Burlon 40 1 2 2
Last Minutes Offensive
Center Left Wing Right Wing Defense Defense
Martin Hanzal Evgeny Dadonov Wayne Simmonds Derek Morris Kris Russell
Last Minutes Defensive
Center Left Wing Right Wing Defense Defense
Martin Hanzal Evgeny Dadonov Wayne Simmonds Derek Morris Kris Russell
Goaltenders
Starting : Al Montoya
Backup : Harru Sateri
Extra Forwards
Normal : Evgeny Grachev, Tim Kennedy, Martin Hanzal - PP : Brian Flynn, Evgeny Grachev - PK : David Laliberté
Extra Defensemen
Normal : Mike Sauer, Brandon Burlon, Derek Morris - PP : Brandon Burlon - PK : Brandon Burlon, David Rundblad
Penalty Shots
Wayne Simmonds, Evgeny Dadonov, Martin Hanzal, Kyle Brodziak, Brian Flynn
% Time on Ice - Sasquatch
Lines # - Real PCT - Wanted PCT - Time Play
Normal Forward
1 - 36% - 40% - 18:47
2 - 28% - 30% - 14:47
3 - 21% - 20% - 10:54
4 - 14% - 10% - 7:28
Normal Defense
1 - 40% - 40% - 21:00
2 - 31% - 30% - 15:56
3 - 23% - 20% - 11:43
4 - 6% - 10% - 3:17
PP Forward
1 - 59% - 60% - 1:10
2 - 41% - 40% - 0:49
PP Defense
1 - 62% - 60% - 1:14
2 - 38% - 40% - 0:45
PK Forward
1 - 73% - 60% - 4:26
2 - 27% - 40% - 1:39
PK Defense
1 - 52% - 60% - 3:09
2 - 48% - 40% - 2:56
PK3 Forward
1 - 0% - 60%
2 - 0% - 40%
PK3 Defense
1 - 0% - 60%
2 - 0% - 40%
44 Forward
1 - 0% - 60%
2 - 0% - 40%
44 Defense
1 - 0% - 60%
2 - 0% - 40%
Last Minute Offensive - 0:00
Last Minute Defensive - 0:00
Total
Forward - 60:00
Defense - 60:00
|
% Time on Ice - Saguenéens
Lines # - Real PCT - Wanted PCT - Time Play
Normal Forward
1 - 34% - 40% - 17:53
2 - 27% - 30% - 14:15
3 - 21% - 20% - 10:41
4 - 18% - 10% - 9:07
Normal Defense
1 - 40% - 40% - 20:54
2 - 34% - 34% - 17:27
3 - 23% - 20% - 11:45
4 - 4% - 6% - 1:50
PP Forward
1 - 51% - 60% - 3:05
2 - 49% - 40% - 3:00
PP Defense
1 - 38% - 60% - 2:19
2 - 62% - 40% - 3:46
PK Forward
1 - 38% - 50% - 0:45
2 - 62% - 50% - 1:14
PK Defense
1 - 49% - 50% - 0:58
2 - 51% - 50% - 1:01
PK3 Forward
1 - 0% - 60%
2 - 0% - 40%
PK3 Defense
1 - 0% - 60%
2 - 0% - 40%
44 Forward
1 - 0% - 60%
2 - 0% - 40%
44 Defense
1 - 0% - 60%
2 - 0% - 40%
Last Minute Offensive - 0:00
Last Minute Defensive - 0:00
Total
Forward - 60:00
Defense - 60:00
|
Play by Play
1st period
0:01 of 1st period - Martin Hanzal wins face-off versus Tyler Johnson in neutral zone.
0:13 of 1st period - Wrist shot by Jakub Voracek.
0:13 of 1st period - Shot Misses the Net.
0:15 of 1st period - Slapshot by Tyler Johnson.
0:15 of 1st period - Shot Misses the Net.
1:05 of 1st period - Snap shot by Matt Frattin.
1:05 of 1st period - Shot Blocked by Kris Russell.
1:07 of 1st period - Snap shot by Matt Frattin.
1:07 of 1st period - Stopped by Al Montoya without a rebound.
1:08 of 1st period - Evgeny Grachev wins face-off versus Roman Cervenka in Saguenéens zone.
1:23 of 1st period - Snap shot by Evgeny Grachev.
1:23 of 1st period - Stopped by Andrew Raycroft with a rebound.
1:39 of 1st period - Wrist shot by Josh Bailey.
1:39 of 1st period - Stopped by Al Montoya with a rebound.
1:41 of 1st period - Snap shot by Roman Cervenka.
1:41 of 1st period - Goal by Roman Cervenka - Sasquatch : 1 - Saguenéens : 0.
1:42 of 1st period - Martin Hanzal wins face-off versus Tyler Johnson in neutral zone.
1:47 of 1st period - Snap shot by Derek Morris.
1:47 of 1st period - Shot Misses the Net.
1:55 of 1st period - Slapshot by Derek Morris.
1:55 of 1st period - Shot Misses the Net.
2:07 of 1st period - Kevin Marshall is hit by Kevin Porter and loses puck.
2:44 of 1st period - Slapshot by David Laliberté.
2:44 of 1st period - Shot Misses the Net.
2:52 of 1st period - Wrist shot by Evgeny Dadonov.
2:52 of 1st period - Deflect By Kyle Brodziak.
2:52 of 1st period - Stopped by Andrew Raycroft with a rebound.
3:04 of 1st period - Snap shot by Kyle Brodziak.
3:04 of 1st period - Shot Blocked by Josh Bailey.
3:06 of 1st period - Slapshot by Kyle Brodziak.
3:06 of 1st period - Shot Blocked by Matt Niskanen.
3:08 of 1st period - Snap shot by Evgeny Dadonov.
3:08 of 1st period - Goal by Evgeny Dadonov - Sasquatch : 1 - Saguenéens : 1.
3:09 of 1st period - Martin Hanzal wins face-off versus D.J King in neutral zone.
3:12 of 1st period - Snap shot by Marcus Johansson.
3:12 of 1st period - Stopped by Andrew Raycroft without a rebound.
3:13 of 1st period - Martin Hanzal wins face-off versus Tyler Johnson in Sasquatch zone.
3:16 of 1st period - Snap shot by Marcus Johansson.
3:16 of 1st period - Deflect By Wayne Simmonds.
3:16 of 1st period - Shot Misses the Net.
3:16 of 1st period - Puck is out of play.
3:17 of 1st period - Tyler Johnson wins face-off versus Martin Hanzal in Sasquatch zone.
3:22 of 1st period - Wayne Simmonds is hit by D.J King and loses puck.
3:36 of 1st period - Icing by Kevin Marshall.
3:37 of 1st period - Kevin Porter wins face-off versus Martin Hanzal in Saguenéens zone.
3:48 of 1st period - Wrist shot by Wayne Simmonds.
3:48 of 1st period - Shot Blocked by Jake Gardiner.
3:50 of 1st period - Slapshot by Derek Morris.
3:50 of 1st period - Deflect By Mats Zuccarello.
3:50 of 1st period - Stopped by Andrew Raycroft with a rebound.
4:12 of 1st period - Wayne Simmonds is hit by Kevin Porter and loses puck.
4:27 of 1st period - Backhand shot by Joe Corvo.
4:27 of 1st period - Shot Misses the Net.
4:35 of 1st period - Snap shot by Wayne Simmonds.
4:35 of 1st period - Shot Misses the Net.
4:37 of 1st period - Slapshot by Derek Morris.
4:37 of 1st period - Stopped by Andrew Raycroft with a rebound.
4:39 of 1st period - Slapshot by Wayne Simmonds.
4:39 of 1st period - Stopped by Andrew Raycroft with a rebound.
4:44 of 1st period - Double Minor Penalty to Brandon Bochenski for Slashing.
4:45 of 1st period - Kyle Brodziak wins face-off versus Tyler Johnson in Sasquatch zone.
4:45 of 1st period - Wrist shot by Tim Kennedy.
4:45 of 1st period - Shot Misses the Net.
4:47 of 1st period - Wrist shot by Mike Sauer.
4:47 of 1st period - Deflect By D.J King.
4:47 of 1st period - Stopped by Andrew Raycroft with a rebound.
4:49 of 1st period - Slapshot by Mike Sauer.
4:49 of 1st period - Goal by Mike Sauer - Sasquatch : 1 - Saguenéens : 2.
4:50 of 1st period - Tyler Johnson wins face-off versus Kyle Brodziak in neutral zone.
4:59 of 1st period - Snap shot by Evgeny Dadonov.
4:59 of 1st period - Stopped by Andrew Raycroft with a rebound.
5:01 of 1st period - Wrist shot by Kyle Brodziak.
5:01 of 1st period - Shot Misses the Net.
6:49 of 1st period - Penalty to Brandon Bochenski is over, Brandon Bochenski is back on ice.
7:03 of 1st period - Mats Zuccarello is hit by Kris Russell and loses puck.
7:20 of 1st period - Snap shot by Brandon Bochenski.
7:20 of 1st period - Shot Misses the Net.
7:22 of 1st period - Slapshot by Ian Cole.
7:22 of 1st period - Stopped by Al Montoya with a rebound.
7:24 of 1st period - Backhand shot by Ian Cole.
7:24 of 1st period - Shot Misses the Net.
7:26 of 1st period - Snap shot by Stephane Da Costa.
7:26 of 1st period - Shot Blocked by Kris Russell.
7:28 of 1st period - Slapshot by Ian Cole.
7:28 of 1st period - Shot Blocked by Kris Russell.
7:32 of 1st period - Wrist shot by Mats Zuccarello.
7:32 of 1st period - Shot Blocked by Kris Russell.
7:34 of 1st period - Snap shot by Brandon Bochenski.
7:34 of 1st period - Stopped by Al Montoya without a rebound.
7:35 of 1st period - Roman Cervenka wins face-off versus Brian Flynn in Saguenéens zone.
7:36 of 1st period - Slapshot by Matt Frattin.
7:36 of 1st period - Stopped by Al Montoya with a rebound.
8:00 of 1st period - David Laliberté is hit by Matt Niskanen.
8:09 of 1st period - Icing by Tyler Johnson.
8:10 of 1st period - Tyler Johnson wins face-off versus Martin Hanzal in Sasquatch zone.
8:15 of 1st period - Wrist shot by Martin Hanzal.
8:15 of 1st period - Shot Misses the Net.
8:17 of 1st period - Wrist shot by Wayne Simmonds.
8:17 of 1st period - Stopped by Andrew Raycroft without a rebound.
8:18 of 1st period - Tyler Johnson wins face-off versus Martin Hanzal in Sasquatch zone.
9:07 of 1st period - Snap shot by Martin Hanzal.
9:07 of 1st period - Shot Misses the Net.
9:11 of 1st period - Snap shot by Martin Hanzal.
9:11 of 1st period - Shot Misses the Net.
9:13 of 1st period - Wrist shot by Wayne Simmonds.
9:13 of 1st period - Stopped by Andrew Raycroft with a rebound.
9:15 of 1st period - Slapshot by Martin Hanzal.
9:15 of 1st period - Stopped by Andrew Raycroft with a rebound.
9:17 of 1st period - Wrist shot by Wayne Simmonds.
9:17 of 1st period - Stopped by Andrew Raycroft with a rebound.
9:36 of 1st period - Off-side.
9:37 of 1st period - Brian Flynn wins face-off versus Tyler Johnson in neutral zone.
9:48 of 1st period - Wrist shot by Tim Kennedy.
9:48 of 1st period - Stopped by Andrew Raycroft with a rebound.
10:02 of 1st period - Joe Corvo is hit by David Laliberté and loses puck.
10:11 of 1st period - Slapshot by Evgeny Dadonov.
10:11 of 1st period - Stopped by Andrew Raycroft without a rebound.
10:12 of 1st period - Tyler Johnson wins face-off versus Brian Flynn in Sasquatch zone.
10:12 of 1st period - Tyler Johnson is hit by Rhett Rakhshani.
10:28 of 1st period - Slapshot by Derek Morris.
10:28 of 1st period - Stopped by Andrew Raycroft with a rebound.
11:50 of 1st period - Snap shot by D.J King.
11:50 of 1st period - Stopped by Al Montoya with a rebound.
12:12 of 1st period - Wrist shot by Wayne Simmonds.
12:12 of 1st period - Stopped by Andrew Raycroft without a rebound.
12:13 of 1st period - Martin Hanzal wins face-off versus Tyler Johnson in Sasquatch zone.
12:32 of 1st period - Slapshot by Marcus Johansson.
12:32 of 1st period - Stopped by Andrew Raycroft without a rebound.
12:33 of 1st period - Kyle Brodziak wins face-off versus Stephane Da Costa in Sasquatch zone.
12:37 of 1st period - Minor Penalty to Cam Atkinson for Hooking.
12:38 of 1st period - Martin Hanzal wins face-off versus Tyler Johnson in Sasquatch zone.
13:14 of 1st period - Snap shot by Mats Zuccarello.
13:14 of 1st period - Stopped by Al Montoya with a rebound.
13:16 of 1st period - Slapshot by Joe Corvo.
13:16 of 1st period - Shot Blocked by Kevin Marshall.
13:45 of 1st period - Icing by Evgeny Dadonov.
13:46 of 1st period - Kyle Brodziak wins face-off versus Matt Frattin in Saguenéens zone.
13:48 of 1st period - Icing by Evgeny Dadonov.
13:49 of 1st period - Matt Frattin wins face-off versus Kyle Brodziak in Saguenéens zone.
14:37 of 1st period - Penalty to Cam Atkinson is over, Cam Atkinson is back on ice.
14:42 of 1st period - Snap shot by Cam Atkinson.
14:42 of 1st period - Shot Misses the Net.
15:04 of 1st period - Snap shot by Tim Kennedy.
15:04 of 1st period - Shot Misses the Net.
15:17 of 1st period - Off-side.
15:18 of 1st period - Kyle Brodziak wins face-off versus Tyler Johnson in neutral zone.
15:21 of 1st period - D.J King is hit by Brandon Burlon and loses puck.
15:31 of 1st period - Evgeny Dadonov is hit by Tyler Johnson.
16:01 of 1st period - Kyle Clifford is hit by Marcus Johansson and loses puck.
17:00 of 1st period - Snap shot by Josh Bailey.
17:00 of 1st period - Shot Misses the Net.
17:02 of 1st period - Slapshot by Joe Corvo.
17:02 of 1st period - Shot Misses the Net.
17:04 of 1st period - Snap shot by Joe Corvo.
17:04 of 1st period - Shot Misses the Net.
17:13 of 1st period - Icing by Kyle Brodziak.
17:14 of 1st period - Stephane Da Costa wins face-off versus Martin Hanzal in Saguenéens zone.
17:21 of 1st period - Snap shot by Stephane Da Costa.
17:21 of 1st period - Stopped by Al Montoya without a rebound.
17:22 of 1st period - Tyler Johnson wins face-off versus Martin Hanzal in Saguenéens zone.
17:23 of 1st period - Snap shot by D.J King.
17:23 of 1st period - Stopped by Al Montoya with a rebound.
17:25 of 1st period - Snap shot by Nick Leddy.
17:25 of 1st period - Stopped by Al Montoya without a rebound.
17:26 of 1st period - Martin Hanzal wins face-off versus Tyler Johnson in Saguenéens zone.
17:46 of 1st period - Tyler Johnson is hit by Wayne Simmonds and loses puck.
18:02 of 1st period - Slapshot by D.J King.
18:02 of 1st period - Shot Blocked by Martin Hanzal.
18:04 of 1st period - Wrist shot by D.J King.
18:04 of 1st period - Stopped by Al Montoya with a rebound.
18:06 of 1st period - Snap shot by D.J King.
18:06 of 1st period - Goal by D.J King - Sasquatch : 2 - Saguenéens : 2.
18:07 of 1st period - Kyle Brodziak wins face-off versus Stephane Da Costa in neutral zone.
18:38 of 1st period - Snap shot by D.J King.
18:38 of 1st period - Shot Misses the Net.
18:58 of 1st period - Kris Russell is hit by Slava Voynov and loses puck.
19:08 of 1st period - Snap shot by Tim Kennedy.
19:08 of 1st period - Shot Blocked by Mats Zuccarello.
19:26 of 1st period - David Rundblad is hit by Matt Niskanen and loses puck.
19:41 of 1st period - Wrist shot by Jakub Voracek.
19:41 of 1st period - Stopped by Al Montoya without a rebound.
19:42 of 1st period - Tyler Johnson wins face-off versus Kyle Brodziak in Saguenéens zone.
19:53 of 1st period - Slapshot by Evgeny Dadonov.
19:53 of 1st period - Shot Blocked by Jake Gardiner.
19:55 of 1st period - Snap shot by Kyle Brodziak.
19:55 of 1st period - Shot Blocked by Jake Gardiner.
19:57 of 1st period - Backhand shot by Kyle Brodziak.
19:57 of 1st period - Stopped by Andrew Raycroft without a rebound.
19:58 of 1st period - Kevin Porter wins face-off versus Martin Hanzal in Sasquatch zone.
Goals for this period are 2 for Sasquatch vs 2 for Saguenéens.
Shots for this period are 14 for Sasquatch vs 20 for Saguenéens.
2nd period
0:01 of 2nd period - Tyler Johnson wins face-off versus Kyle Brodziak in neutral zone.
0:10 of 2nd period - Snap shot by Evgeny Dadonov.
0:10 of 2nd period - Stopped by Andrew Raycroft without a rebound.
0:11 of 2nd period - D.J King wins face-off versus Martin Hanzal in Sasquatch zone.
0:22 of 2nd period - Slapshot by Martin Hanzal.
0:22 of 2nd period - Shot Misses the Net.
0:24 of 2nd period - Snap shot by Kris Russell.
0:24 of 2nd period - Shot Misses the Net.
0:26 of 2nd period - Snap shot by Marcus Johansson.
0:26 of 2nd period - Shot Blocked by D.J King.
0:38 of 2nd period - Evgeny Dadonov is hit by Joe Corvo and loses puck.
1:01 of 2nd period - Slapshot by Joe Corvo.
1:01 of 2nd period - Stopped by Al Montoya without a rebound.
1:02 of 2nd period - Stephane Da Costa wins face-off versus Evgeny Grachev in Saguenéens zone.
1:16 of 2nd period - Slapshot by Matt Niskanen.
1:16 of 2nd period - Stopped by Al Montoya without a rebound.
1:17 of 2nd period - Wayne Simmonds wins face-off versus Tyler Johnson in Saguenéens zone.
1:32 of 2nd period - Slapshot by Wayne Simmonds.
1:32 of 2nd period - Shot Blocked by D.J King.
1:49 of 2nd period - David Laliberté is hit by Mats Zuccarello.
2:03 of 2nd period - Wrist shot by Kyle Clifford.
2:03 of 2nd period - Shot Blocked by Brandon Burlon.
2:05 of 2nd period - Wrist shot by Cam Atkinson.
2:05 of 2nd period - Stopped by Al Montoya with a rebound.
2:13 of 2nd period - Snap shot by Cam Atkinson.
2:13 of 2nd period - Stopped by Al Montoya with a rebound.
2:58 of 2nd period - Evgeny Dadonov is hit by D.J King and loses puck.
3:13 of 2nd period - Wrist shot by Brandon Bochenski.
3:13 of 2nd period - Stopped by Al Montoya with a rebound.
3:15 of 2nd period - Backhand shot by Slava Voynov.
3:15 of 2nd period - Shot Misses the Net.
3:17 of 2nd period - Snap shot by Brandon Bochenski.
3:17 of 2nd period - Shot Blocked by Evgeny Grachev.
3:19 of 2nd period - Slapshot by Matt Niskanen.
3:19 of 2nd period - Shot Hit the Post.
3:38 of 2nd period - Slapshot by Matt Niskanen.
3:38 of 2nd period - Stopped by Al Montoya with a rebound.
3:54 of 2nd period - Wrist shot by Jakub Voracek.
3:54 of 2nd period - Deflect By D.J King.
3:54 of 2nd period - Goal by D.J King - Sasquatch : 3 - Saguenéens : 2.
3:55 of 2nd period - Martin Hanzal wins face-off versus Tyler Johnson in neutral zone.
4:06 of 2nd period - Backhand shot by Derek Morris.
4:06 of 2nd period - Stopped by Andrew Raycroft with a rebound.
4:27 of 2nd period - Slapshot by Matt Niskanen.
4:27 of 2nd period - Stopped by Al Montoya without a rebound.
4:28 of 2nd period - Kyle Brodziak wins face-off versus Jakub Voracek in Saguenéens zone.
4:28 of 2nd period - Kyle Brodziak is hit by Jakub Voracek.
4:44 of 2nd period - Wrist shot by Jakub Voracek.
4:44 of 2nd period - Goal by Jakub Voracek - Sasquatch : 4 - Saguenéens : 2.
4:45 of 2nd period - Tyler Johnson wins face-off versus Martin Hanzal in neutral zone.
4:48 of 2nd period - Derek Morris is hit by Tyler Johnson and loses puck.
5:40 of 2nd period - Stephane Da Costa is hit by Rhett Rakhshani and loses puck.
6:05 of 2nd period - Slapshot by Derek Morris.
6:05 of 2nd period - Shot Blocked by Matt Frattin.
6:11 of 2nd period - Slapshot by Derek Morris.
6:11 of 2nd period - Stopped by Andrew Raycroft with a rebound.
6:27 of 2nd period - Snap shot by Jakub Voracek.
6:27 of 2nd period - Shot Misses the Net.
7:06 of 2nd period - Wrist shot by Stephane Da Costa.
7:06 of 2nd period - Stopped by Al Montoya with a rebound.
7:18 of 2nd period - Slapshot by Kyle Brodziak.
7:18 of 2nd period - Shot Misses the Net.
7:40 of 2nd period - Snap shot by Evgeny Dadonov.
7:40 of 2nd period - Stopped by Andrew Raycroft with a rebound.
7:44 of 2nd period - Slapshot by Kyle Brodziak.
7:44 of 2nd period - Deflect By David Laliberté.
7:44 of 2nd period - Shot Misses the Net.
7:44 of 2nd period - Puck is out of play.
7:45 of 2nd period - Martin Hanzal wins face-off versus Tyler Johnson in Sasquatch zone.
7:54 of 2nd period - Snap shot by Marcus Johansson.
7:54 of 2nd period - Stopped by Andrew Raycroft with a rebound.
8:15 of 2nd period - Snap shot by Derek Morris.
8:15 of 2nd period - Stopped by Andrew Raycroft with a rebound.
8:21 of 2nd period - Mats Zuccarello is hit by Tim Kennedy and loses puck.
8:34 of 2nd period - Roman Cervenka is hit by Kevin Marshall and loses puck.
8:59 of 2nd period - Marcus Johansson is hit by Matt Niskanen and loses puck.
10:13 of 2nd period - Off-side.
10:14 of 2nd period - Tyler Johnson wins face-off versus Wayne Simmonds in neutral zone.
11:22 of 2nd period - Wrist shot by Josh Bailey.
11:22 of 2nd period - Shot Misses the Net.
11:26 of 2nd period - Snap shot by Josh Bailey.
11:26 of 2nd period - Shot Misses the Net.
11:28 of 2nd period - Slapshot by Joe Corvo.
11:28 of 2nd period - Stopped by Al Montoya with a rebound.
11:30 of 2nd period - Wrist shot by Roman Cervenka.
11:30 of 2nd period - Shot Misses the Net.
11:32 of 2nd period - Slapshot by Jake Gardiner.
11:32 of 2nd period - Stopped by Al Montoya without a rebound.
11:33 of 2nd period - Tyler Johnson wins face-off versus David Laliberté in Saguenéens zone.
12:42 of 2nd period - Snap shot by Brandon Bochenski.
12:42 of 2nd period - Deflect By Mats Zuccarello.
12:42 of 2nd period - Shot Blocked by Kris Russell.
12:42 of 2nd period - Puck is out of play.
12:43 of 2nd period - Kyle Brodziak wins face-off versus Kevin Porter in Saguenéens zone.
12:43 of 2nd period - Kyle Brodziak is hit by Kevin Porter.
13:09 of 2nd period - Wrist shot by Mats Zuccarello.
13:09 of 2nd period - Stopped by Al Montoya without a rebound.
13:10 of 2nd period - Martin Hanzal wins face-off versus Stephane Da Costa in Saguenéens zone.
13:12 of 2nd period - Icing by Marcus Johansson.
13:13 of 2nd period - Stephane Da Costa wins face-off versus Martin Hanzal in Saguenéens zone.
13:36 of 2nd period - Icing by Marcus Johansson.
13:37 of 2nd period - David Laliberté wins face-off versus Tyler Johnson in Saguenéens zone.
14:05 of 2nd period - Off-side.
14:06 of 2nd period - Brian Flynn wins face-off versus Kevin Porter in neutral zone.
14:09 of 2nd period - Backhand shot by Derek Morris.
14:09 of 2nd period - Stopped by Andrew Raycroft without a rebound.
14:10 of 2nd period - Kevin Porter wins face-off versus Martin Hanzal in Sasquatch zone.
14:22 of 2nd period - Icing by Ian Cole.
14:23 of 2nd period - Martin Hanzal wins face-off versus Kevin Porter in Sasquatch zone.
15:13 of 2nd period - Wrist shot by Derek Morris.
15:13 of 2nd period - Shot Misses the Net.
15:17 of 2nd period - Wrist shot by Evgeny Grachev.
15:17 of 2nd period - Shot Misses the Net.
15:19 of 2nd period - Slapshot by Derek Morris.
15:19 of 2nd period - Shot Misses the Net.
15:36 of 2nd period - Jake Gardiner is hit by Tim Kennedy and loses puck.
16:25 of 2nd period - Snap shot by Evgeny Dadonov.
16:25 of 2nd period - Stopped by Andrew Raycroft with a rebound.
16:37 of 2nd period - Cam Atkinson is hit by Brandon Burlon and loses puck.
16:46 of 2nd period - Snap shot by Stephane Da Costa.
16:46 of 2nd period - Shot Misses the Net.
17:27 of 2nd period - Wrist shot by Martin Hanzal.
17:27 of 2nd period - Shot Blocked by Jake Gardiner.
17:43 of 2nd period - Backhand shot by Stephane Da Costa.
17:43 of 2nd period - Shot Misses the Net.
17:45 of 2nd period - Backhand shot by Nick Leddy.
17:45 of 2nd period - Shot Hit the Post.
18:06 of 2nd period - Wrist shot by Eric Tangradi.
18:06 of 2nd period - Deflect By Evgeny Grachev.
18:06 of 2nd period - Stopped by Andrew Raycroft with a rebound.
18:19 of 2nd period - Evgeny Grachev is hit by Slava Voynov and loses puck.
18:42 of 2nd period - Tim Kennedy is hit by Josh Bailey and loses puck.
19:01 of 2nd period - Snap shot by Martin Hanzal.
19:01 of 2nd period - Stopped by Andrew Raycroft without a rebound.
19:02 of 2nd period - Martin Hanzal wins face-off versus Tyler Johnson in Sasquatch zone.
19:03 of 2nd period - Snap shot by Marcus Johansson.
19:03 of 2nd period - Shot Misses the Net.
Goals for this period are 2 for Sasquatch vs 0 for Saguenéens.
Shots for this period are 13 for Sasquatch vs 10 for Saguenéens.
3rd period
0:01 of 3rd period - Wayne Simmonds wins face-off versus Tyler Johnson in neutral zone.
0:14 of 3rd period - Wrist shot by Martin Hanzal.
0:14 of 3rd period - Stopped by Andrew Raycroft without a rebound.
0:15 of 3rd period - Kyle Brodziak wins face-off versus Kevin Porter in Sasquatch zone.
0:16 of 3rd period - Slapshot by Derek Morris.
0:16 of 3rd period - Shot Blocked by Jake Gardiner.
0:28 of 3rd period - Wrist shot by Brandon Bochenski.
0:28 of 3rd period - Goal by Brandon Bochenski - Sasquatch : 5 - Saguenéens : 2.
0:29 of 3rd period - Tyler Johnson wins face-off versus Martin Hanzal in neutral zone.
0:40 of 3rd period - Snap shot by D.J King.
0:40 of 3rd period - Shot Misses the Net.
0:42 of 3rd period - Snap shot by Jake Gardiner.
0:42 of 3rd period - Goal by Jake Gardiner - Sasquatch : 6 - Saguenéens : 2.
0:42 of 3rd period - Harru Sateri enters game.
0:43 of 3rd period - Martin Hanzal wins face-off versus Tyler Johnson in neutral zone.
0:53 of 3rd period - Snap shot by Marcus Johansson.
0:53 of 3rd period - Stopped by Andrew Raycroft without a rebound.
0:54 of 3rd period - Martin Hanzal wins face-off versus Tyler Johnson in Sasquatch zone.
1:50 of 3rd period - Snap shot by Mats Zuccarello.
1:50 of 3rd period - Stopped by Harru Sateri without a rebound.
1:51 of 3rd period - Martin Hanzal wins face-off versus Tyler Johnson in Saguenéens zone.
2:44 of 3rd period - Snap shot by Eric Tangradi.
2:44 of 3rd period - Stopped by Andrew Raycroft with a rebound.
2:46 of 3rd period - Snap shot by Mike Sauer.
2:46 of 3rd period - Deflect By Eric Tangradi.
2:46 of 3rd period - Stopped by Andrew Raycroft with a rebound.
2:48 of 3rd period - Wrist shot by Eric Tangradi.
2:48 of 3rd period - Deflect By Evgeny Grachev.
2:48 of 3rd period - Stopped by Andrew Raycroft with a rebound.
3:22 of 3rd period - Slapshot by Joe Corvo.
3:22 of 3rd period - Stopped by Harru Sateri with a rebound.
3:45 of 3rd period - Slapshot by Evgeny Dadonov.
3:45 of 3rd period - Stopped by Andrew Raycroft with a rebound.
3:58 of 3rd period - Off-side.
3:59 of 3rd period - Roman Cervenka wins face-off versus Evgeny Grachev in neutral zone.
4:10 of 3rd period - Slapshot by Eric Tangradi.
4:10 of 3rd period - Stopped by Andrew Raycroft without a rebound.
4:11 of 3rd period - Tyler Johnson wins face-off versus Martin Hanzal in Sasquatch zone.
4:26 of 3rd period - Icing by Wayne Simmonds.
4:27 of 3rd period - Kevin Porter wins face-off versus Martin Hanzal in Saguenéens zone.
4:56 of 3rd period - Snap shot by Martin Hanzal.
4:56 of 3rd period - Shot Misses the Net.
5:21 of 3rd period - Minor Penalty to Stephane Da Costa for Tripping.
5:22 of 3rd period - Martin Hanzal wins face-off versus Tyler Johnson in Sasquatch zone.
5:22 of 3rd period - Slapshot by Wayne Simmonds.
5:22 of 3rd period - Stopped by Andrew Raycroft with a rebound.
5:24 of 3rd period - Wrist shot by Martin Hanzal.
5:24 of 3rd period - Goal by Martin Hanzal - Sasquatch : 6 - Saguenéens : 3.
5:25 of 3rd period - Tyler Johnson wins face-off versus Martin Hanzal in neutral zone.
5:32 of 3rd period - Snap shot by D.J King.
5:32 of 3rd period - Stopped by Harru Sateri without a rebound.
5:33 of 3rd period - Martin Hanzal wins face-off versus Tyler Johnson in Saguenéens zone.
5:53 of 3rd period - Marcus Johansson is hit by D.J King and loses puck.
6:02 of 3rd period - Snap shot by D.J King.
6:02 of 3rd period - Stopped by Harru Sateri with a rebound.
6:04 of 3rd period - Slapshot by Joe Corvo.
6:04 of 3rd period - Stopped by Harru Sateri with a rebound.
6:06 of 3rd period - Snap shot by Joe Corvo.
6:06 of 3rd period - Stopped by Harru Sateri with a rebound.
6:08 of 3rd period - Slapshot by Jake Gardiner.
6:08 of 3rd period - Stopped by Harru Sateri with a rebound.
6:12 of 3rd period - Snap shot by Jakub Voracek.
6:12 of 3rd period - Stopped by Harru Sateri with a rebound.
6:14 of 3rd period - Wrist shot by Tyler Johnson.
6:14 of 3rd period - Stopped by Harru Sateri with a rebound.
6:16 of 3rd period - Backhand shot by D.J King.
6:16 of 3rd period - Stopped by Harru Sateri with a rebound.
6:18 of 3rd period - Slapshot by Jake Gardiner.
6:18 of 3rd period - Goal by Jake Gardiner - Sasquatch : 7 - Saguenéens : 3.
6:19 of 3rd period - Kyle Brodziak wins face-off versus Brandon Bochenski in neutral zone.
6:21 of 3rd period - Minor Penalty to David Laliberté for Slashing.
6:22 of 3rd period - Kevin Porter wins face-off versus Martin Hanzal in Saguenéens zone.
7:48 of 3rd period - Kevin Porter is hit by Martin Hanzal.
8:21 of 3rd period - Penalty to David Laliberté is over, David Laliberté is back on ice.
8:29 of 3rd period - Icing by Eric Tangradi.
8:30 of 3rd period - Cam Atkinson wins face-off versus Brian Flynn in Saguenéens zone.
8:33 of 3rd period - Slapshot by Matt Niskanen.
8:33 of 3rd period - Shot Blocked by Brandon Burlon.
8:41 of 3rd period - Snap shot by Tim Kennedy.
8:41 of 3rd period - Shot Hit the Post.
8:43 of 3rd period - Snap shot by Derek Morris.
8:43 of 3rd period - Shot Misses the Net.
8:53 of 3rd period - Josh Bailey is hit by Kyle Brodziak and loses puck.
8:58 of 3rd period - Wrist shot by David Laliberté.
8:58 of 3rd period - Deflect By Kyle Brodziak.
8:58 of 3rd period - Shot Misses the Net.
8:58 of 3rd period - Puck is out of play.
8:59 of 3rd period - Martin Hanzal wins face-off versus Stephane Da Costa in Sasquatch zone.
9:24 of 3rd period - David Laliberté is hit by Matt Frattin and loses puck.
10:15 of 3rd period - Wrist shot by Mats Zuccarello.
10:15 of 3rd period - Deflect By Kevin Porter.
10:15 of 3rd period - Stopped by Harru Sateri without a rebound.
10:16 of 3rd period - Tyler Johnson wins face-off versus Martin Hanzal in Saguenéens zone.
10:21 of 3rd period - Snap shot by D.J King.
10:21 of 3rd period - Shot Blocked by Marcus Johansson.
10:23 of 3rd period - Snap shot by Jakub Voracek.
10:23 of 3rd period - Shot Misses the Net.
10:52 of 3rd period - David Laliberté is hit by Brandon Bochenski and loses puck.
11:10 of 3rd period - Wrist shot by Cam Atkinson.
11:10 of 3rd period - Shot Misses the Net.
11:26 of 3rd period - Slapshot by Tim Kennedy.
11:26 of 3rd period - Shot Blocked by Jakub Voracek.
11:28 of 3rd period - Wrist shot by Brian Flynn.
11:28 of 3rd period - Stopped by Andrew Raycroft without a rebound.
11:29 of 3rd period - Martin Hanzal wins face-off versus Tyler Johnson in Sasquatch zone.
12:20 of 3rd period - Slapshot by Derek Morris.
12:20 of 3rd period - Stopped by Andrew Raycroft with a rebound.
13:33 of 3rd period - Snap shot by Wayne Simmonds.
13:33 of 3rd period - Stopped by Andrew Raycroft with a rebound.
13:39 of 3rd period - Minor Penalty to Brandon Bochenski for Hooking.
13:40 of 3rd period - Martin Hanzal wins face-off versus Tyler Johnson in Sasquatch zone.
14:05 of 3rd period - Jake Gardiner is hit by Kyle Brodziak and loses puck.
15:11 of 3rd period - Icing by Tim Kennedy.
15:12 of 3rd period - Kyle Brodziak wins face-off versus Stephane Da Costa in Saguenéens zone.
15:39 of 3rd period - Penalty to Brandon Bochenski is over, Brandon Bochenski is back on ice.
15:45 of 3rd period - Jake Gardiner is hit by Evgeny Grachev and loses puck.
15:56 of 3rd period - Evgeny Grachev is hit by Brandon Bochenski and loses puck.
16:32 of 3rd period - Wrist shot by Cam Atkinson.
16:32 of 3rd period - Stopped by Harru Sateri with a rebound.
16:34 of 3rd period - Wrist shot by Cam Atkinson.
16:34 of 3rd period - Stopped by Harru Sateri without a rebound.
16:35 of 3rd period - Martin Hanzal wins face-off versus Stephane Da Costa in Saguenéens zone.
16:35 of 3rd period - Martin Hanzal is hit by Matt Niskanen.
17:05 of 3rd period - Slapshot by Josh Bailey.
17:05 of 3rd period - Stopped by Harru Sateri with a rebound.
17:07 of 3rd period - Slapshot by Nick Leddy.
17:07 of 3rd period - Shot Blocked by Kevin Marshall.
17:09 of 3rd period - Snap shot by Roman Cervenka.
17:09 of 3rd period - Stopped by Harru Sateri with a rebound.
17:11 of 3rd period - Wrist shot by Matt Frattin.
17:11 of 3rd period - Shot Misses the Net.
17:27 of 3rd period - Slapshot by Brandon Bochenski.
17:27 of 3rd period - Shot Blocked by Derek Morris.
17:29 of 3rd period - Slapshot by Mats Zuccarello.
17:29 of 3rd period - Shot Blocked by Kevin Marshall.
17:41 of 3rd period - Wrist shot by Tim Kennedy.
17:41 of 3rd period - Stopped by Andrew Raycroft without a rebound.
17:42 of 3rd period - Brian Flynn wins face-off versus Stephane Da Costa in Sasquatch zone.
18:32 of 3rd period - Mike Sauer is hit by Joe Corvo and loses puck.
18:38 of 3rd period - Off-side.
18:39 of 3rd period - Stephane Da Costa wins face-off versus Evgeny Grachev in neutral zone.
18:42 of 3rd period - Wrist shot by Cam Atkinson.
18:42 of 3rd period - Stopped by Harru Sateri with a rebound.
19:04 of 3rd period - Off-side.
19:05 of 3rd period - Tyler Johnson wins face-off versus Kyle Brodziak in neutral zone.
Goals for this period are 3 for Sasquatch vs 1 for Saguenéens.
Shots for this period are 19 for Sasquatch vs 13 for Saguenéens.
Output by the SimonT Hockey Simulator (STHS) for François Prévost -- Original Page W3C XHTML 1.0 Valid